 Dungeon Crawl Stone Soup version 0.29-a0-356-g7bc237e783 (webtiles) character file.

Game seed: 5862941476147507272

306 spaghetti the Conjurer (level 6, -1/44 HPs)
             Began as a Gnoll Wanderer on Apr 25, 2022.
             Slain by a two-headed ogre
             ... wielding a +0 giant club
              (30 damage)
             ... on level 5 of the Dungeon.
             The game lasted 00:06:31 (3546 turns).

spaghetti the Conjurer (Gnoll Wanderer)             Turns: 3546, Time: 00:06:31

Health: -1/44      AC:  3    Str: 11    XL:     6   Next: 39%
Magic:  14/14      EV: 12    Int: 14    God:
Gold:   165        SH:  0    Dex: 11    Spells: 12/15 levels left

rFire   . . .      SeeInvis .   a - +0 shortbow {bow}
rCold   . . .      Faith    .   (shield currently unavailable)
rNeg    . . .      Spirit   .   e - +0 robe
rPois   .          Reflect  .   (no helmet)
rElec   .          Harm     .   (no cloak)
rCorr   .          Rampage  .   (no gloves)
Will    .....                   s - +0 pair of boots
Stlth   ..........              (no amulet)
HPRegen 0.14/turn               (no ring)
MPRegen 0.14/turn               (no ring)

@: confused, mighty, silenced, ambrosia-drunk, marked
A: fangs 1, strong nose, distributed training
a: no special abilities


You were on level 5 of the Dungeon.
You visited 1 branch of the dungeon, and saw 5 of its levels.

You collected 165 gold pieces.


Innate Abilities, Weirdness & Mutations

You have very sharp teeth.
Your uncanny sense of smell can sniff out nearby items.
Your experience applies equally to all skills.


   Skills:
 + Level 2.0 Fighting
 + Level 2.0 Short Blades
 + Level 2.0 Long Blades
 + Level 2.0 Axes
 + Level 2.0 Maces & Flails
 + Level 2.0 Polearms
 + Level 2.0 Staves
 + Level 2.0 Slings
 + Level 3.2 Bows
 + Level 2.0 Crossbows
 + Level 5.0 Throwing
 + Level 3.2 Armour
 + Level 2.0 Dodging
 + Level 3.1 Stealth
 + Level 2.0 Shields
 + Level 2.0 Unarmed Combat
 + Level 5.3 Spellcasting
 + Level 5.6 Conjurations
 + Level 1.5 Hexes
 + Level 1.5 Summonings
 + Level 1.5 Necromancy
 + Level 1.5 Translocations
 + Level 1.5 Transmutations
 + Level 1.5 Fire Magic
 + Level 1.5 Ice Magic
 + Level 1.5 Air Magic
 + Level 1.5 Earth Magic
 + Level 1.5 Poison Magic
 + Level 2.1 Invocations
 + Level 2.0 Evocations


You had 12 spell levels left.
You knew the following spells:

 Your Spells              Type           Power      Damage    Failure   Level
a - Magic Dart            Conj           76%        1d6       1%          1
b - Searing Ray           Conj           38%        2d5       2%          2

Your spell library contained the following spells:

 Spells                   Type           Power      Damage    Failure   Level
 Sting                    Tmut/Pois      32%        1d4       9%          1
 Gell's Gravitas          Tloc           8%         N/A       26%         3
 Teleport Other           Tloc           8%         N/A       26%         3
 Flame Wave               Conj/Fire      13%        2d6       36%         4
 Dispersal                Tloc           4%         N/A       100%        6

Inventory:

Hand Weapons
 a - a +0 shortbow (weapon) {bow}
 c - a +0 dagger {short}
 l - a +1 dagger of venom {short}
   (You took it off a goblin on level 1 of the Dungeon)
Missiles
 b - 12 poisoned darts {throwing}
 m - 50 stones {throwing}
Armour
 e - a +0 robe (worn)
 s - a +0 pair of boots (worn)
   (You found it on level 2 of the Dungeon)
Magical Staves
 w - a staff of cold {!astaff}
   (You found it on level 3 of the Dungeon)
Wands
 u - a wand of flame (19)
   (You found it on level 3 of the Dungeon)
Scrolls
 f - 3 scrolls of identify {@r1}
 i - 2 scrolls of fog
 p - 3 scrolls of vulnerability {unknown}
 q - a scroll of magic mapping {unknown}
 t - a scroll of noise {unknown}
 y - a scroll of enchant weapon {unknown}
 A - a scroll of immolation {unknown}
Potions
 d - 2 potions of haste {@q3}
 k - 2 potions of ambrosia
 n - 2 potions of heal wounds {unknown}
 o - a potion of resistance {unknown}
 r - a potion of invisibility {unknown}
 v - a potion of magic {unknown}
 x - a potion of cancellation {unknown}
 z - a potion of degeneration {unknown}

Dungeon Overview and Level Annotations

Branches:
Dungeon (5/15)
 Temple: D:4-7

Altars:

Shops:
D:2

*(?*
......###.........###........###.
#.......'.........+..............
##...####.........####...##..####
##..# ##.......## ##......# ##.#
##.....## #..###.# #.#
##...###### #..# #.# #.#
.......#.....# #..# #.# #.#
######.#.###.###... ..# ..
........@....###.# ###
.##.###O####..##.# #. #c# #. .
.S. #. w### .. #. .. ∆


You could see a two-headed ogre, a centaur, a worm and an adder.


Message History

Aim: an adder (moderately wounded, 35% to hit)
You shoot an arrow. The arrow closely misses the adder.
Casting: Searing Ray (safe; 2% risk of failure)
Confirm with . or Enter, or press ? or * to list all spells.
Aiming: Searing Ray (safe; 2% risk of failure)
Press: ? - help, Shift-Dir - straight line, f/p - adder
Aim: an adder (moderately wounded, 63% to hit)
The searing ray hits the adder. (Press . to maintain the ray.) 😎 MP[-2]
You lost 2 mp, and now have 12/14 mp.
The searing ray hits the adder.
You kill the adder!
Your Throwing skill increases to level 5! 😎 MP[-1]
You lost 1 mp, and now have 11/14 mp.
You now have 149 gold pieces (gained 10).
As you open the door, it creaks loudly! 😎 MP[+3]
Your mp is fully restored (14).
There is an open door here.
A sourceless malevolence fills the Dungeon...
With a horrendous wail, an alarm goes off!
A sentinel's mark forms upon you.
You hear a shout! x2; You hear an angry hiss. x2; You hear a shout!
You now have 165 gold pieces (gained 16).
A gnoll comes into view. It is wielding a +0 spear.
A gnoll is nearby!
A gnoll is nearby!
A gnoll is nearby!
Shoot: a) +0 shortbow {bow}
Press: ? - help, Q - select action, (/) - cycle Shift-Dir - straight line, f - gnoll
Aim: a gnoll, wielding a +0 spear (60% to hit)
You shoot an arrow. The arrow hits the gnoll!
A centaur comes into view.
A two-headed ogre comes into view.
It is wielding a +0 giant club and a +0 dire flail.
The centaur wields a +0 shortbow.
The centaur shoots an arrow.
The arrow hits you!
A worm comes into view. 😮 HP[-11]
You take 11 damage, and now have 33/44 hp.
MASSIVE DAMAGE!! (PAUSE)
Casting: Searing Ray (safe; 2% risk of failure)
Confirm with . or Enter, or press ? or * to list all spells.
Aiming: Searing Ray (safe; 2% risk of failure)
Press: ? - help, Shift-Dir - straight line, f/p - gnoll
Aim: a gnoll, wielding a +0 spear (heavily wounded, 81% to hit)
The searing ray hits the centaur.
The searing ray hits the gnoll.
You kill the gnoll! (Press . to maintain the ray.)
The centaur shoots an arrow.
The arrow hits you!
* * * LOW HITPOINT WARNING * * *
Your Fighting skill increases to level 2!
Your Short Blades skill increases to level 2!
Your Long Blades skill increases to level 2!
Your Axes skill increases to level 2!
Your Maces & Flails skill increases to level 2!
Your Polearms skill increases to level 2!
Your Staves skill increases to level 2!
Your Slings skill increases to level 2!
Your Crossbows skill increases to level 2!
Your Dodging skill increases to level 2!
Your Shields skill increases to level 2!
Your Unarmed Combat skill increases to level 2!
Your Evocations skill increases to level 2! 😨 HP[-12] MP[-2]
You take 12 damage, and now have 21/44 hp.
MASSIVE DAMAGE!! (PAUSE)
You lost 2 mp, and now have 12/14 mp.
As you read the scroll labelled IHOXKE MANOULO, it crumbles to dust.
It is a scroll of identify.
i - 2 scrolls of fog The centaur shoots an arrow.
The arrow barely misses you.
As you read the scroll labelled MYFRAJ PAARYAKK, it crumbles to dust.
A profound silence engulfs you.
It was a scroll of silence.
The centaur shoots an arrow.
The arrow hits you!
* * * LOW HITPOINT WARNING * * *
An adder comes into view.
The centaur shoots an arrow.
The arrow hits you!
* * * LOW HITPOINT WARNING * * *
😱 HP[-15]
You take 15 damage, and now have 6/44 hp.
MASSIVE DAMAGE!! (PAUSE) It was a potion of curing.
You feel better.
A scorpion comes into view. 😨 HP[+8]
You regained 8 hp, and now have 14/44 hp.
It was a potion of might.
You feel very mighty all of a sudden.
The centaur unwields a +0 shortbow.
The centaur hits you but does no damage.
The centaur closely misses you.
You feel better. 😮 HP[+11]
You regained 11 hp, and now have 25/44 hp.
It was a potion of ambrosia.
You are confused.
You feel invigorated.
The two-headed ogre hits you with a +0 giant club!!
Ouch! That really hurt!
You die...

Skill      XL: |  1  2  3  4  5  6 |
---------------+-------------------+-----
Spellcasting   | 5 |  5.3
Invocations    | 1 2 |  2.1
Fighting       | 1 2 |  2.0
Short Blades   | 1 2 |  2.0
Long Blades    | 1 2 |  2.0
Axes           | 1 2 |  2.0
Maces & Flails | 1 2 |  2.0
Polearms       | 1 2 |  2.0
Staves         | 1 2 |  2.0
Slings         | 1 2 |  2.0
Crossbows      | 1 2 |  2.0
Dodging        | 1 2 |  2.0
Shields        | 1 2 |  2.0
Unarmed Combat | 1 2 |  2.0
Evocations     | 1 2 |  2.0
Hexes          | 1 |  1.5
Summonings     | 1 |  1.5
Necromancy     | 1 |  1.5
Translocations | 1 |  1.5
Transmutations | 1 |  1.5
Fire Magic     | 1 |  1.5
Ice Magic      | 1 |  1.5
Air Magic      | 1 |  1.5
Earth Magic    | 1 |  1.5
Poison Magic   | 1 |  1.5
Bows           | 3 |  3.2
Armour         | 3 |  3.2
Stealth        | 3 |  3.1
Throwing       | 5 |  5.0
Conjurations   | |  5.6

Action                   |  1- 3 |  4- 6 || total
-------------------------+-------+-------++-------
 Fire: Shortbow          |    64 |    37 ||   101
Throw: Dart              |     2 |       ||     2
 Cast: Magic Dart        |     3 |       ||     3
       Searing Ray       |    26 |    20 ||    46
  Use: Potion            |       |     4 ||     4
       Scroll            |       |     2 ||     2
Armor: Robe              |     2 |     4 ||     6
Dodge: Dodged            |     9 |    11 ||    20

Levels and vault maps discovered:
D:1:      minmay_arrival_four_circles, layout_loops_corners,
          shapermc_ecumenical_altar_rom_forum, minmay_distorted
D:2:      layout_rooms, serial_shops, nicolae_shop_hallway_stairs,
          nicolae_shop_overgrown_old_shop, nicolae_shop_statue_plus,
          nicolae_shop_trees, kennysheep_doodads, glass_columns_b
D:3:      layout_rooms, serial_glass, glass_columns_b, glass_columns_b,
          glass_columns_a, glass_columns_a, glass_columns_b, glass_columns_b,
          feat_on_display, item_on_display_a, due_unseen_surprise
D:4:      layout_rooms
D:5:      layout_loops_corners, minmay_diced_spiral

Notes
Turn   | Place    | Note
-------+----------+-------------------------------------------
     0 | D:1      | spaghetti the Gnoll Wanderer began the quest for the Orb.
     0 | D:1      | spaghetti set off with the following items: a +0 shortbow
                  | {bow}, 9 poisoned darts {throwing}, a +0 dagger {short}, a
                  | potion of haste {@q3}, a +0 robe; and the following spell
                  | memorised: Magic Dart; and the following spells available
                  | to memorise: Searing Ray, Flame Wave
     0 | D:1      | Reached XP level 1. HP: 13/13 MP: 6/6
     0 | D:1      | magus.rc [v1.9.6]
   165 | D:1      | Reached XP level 2. HP: 9/19 MP: 4/7
   172 | D:1      | Learned a level 2 spell: Searing Ray
   899 | D:1      | Reached XP level 3. HP: 25/25 MP: 2/9
  1035 | D:1      | Reached skill level 5 in Spellcasting
  1166 | D:1      | Found a faded altar of an unknown god.
  1170 | D:1      | Got Plato's Disquisition on Transmigration {@e2}
  1322 | D:2      | Found Sijyh's Assorted Antiques.
  1416 | D:2      | Reached skill level 1 in Invocations
  1433 | D:2      | Found Dutan's Magic Scroll Boutique.
  1674 | D:2      | Found Ezuyny's Antique Weapon Emporium.
  1701 | D:2      | Reached skill level 1 in Fighting
  1701 | D:2      | Reached skill level 1 in Short Blades
  1701 | D:2      | Reached skill level 1 in Long Blades
  1701 | D:2      | Reached skill level 1 in Axes
  1701 | D:2      | Reached skill level 1 in Maces & Flails
  1701 | D:2      | Reached skill level 1 in Polearms
  1701 | D:2      | Reached skill level 1 in Staves
  1701 | D:2      | Reached skill level 1 in Slings
  1701 | D:2      | Reached skill level 1 in Crossbows
  1701 | D:2      | Reached skill level 1 in Dodging
  1701 | D:2      | Reached skill level 1 in Shields
  1701 | D:2      | Reached skill level 1 in Unarmed Combat
  1701 | D:2      | Reached skill level 1 in Evocations
  1806 | D:2      | Found Jietwun's General Store.
  1847 | D:2      | Reached XP level 4. HP: 28/32 MP: 6/11
  2276 | D:3      | Reached skill level 1 in Hexes
  2276 | D:3      | Reached skill level 1 in Summonings
  2276 | D:3      | Reached skill level 1 in Necromancy
  2276 | D:3      | Reached skill level 1 in Translocations
  2276 | D:3      | Reached skill level 1 in Transmutations
  2276 | D:3      | Reached skill level 1 in Fire Magic
  2276 | D:3      | Reached skill level 1 in Ice Magic
  2276 | D:3      | Reached skill level 1 in Air Magic
  2276 | D:3      | Reached skill level 1 in Earth Magic
  2276 | D:3      | Reached skill level 1 in Poison Magic
  2769 | D:3      | Reached XP level 5. HP: 37/37 MP: 8/12
  2826 | D:4      | Noticed an ogre
  2832 | D:4      | Reached skill level 3 in Bows
  2832 | D:4      | Reached skill level 3 in Armour
  2845 | D:5      | Entered Level 5 of the Dungeon
  3169 | D:5      | Noticed a phantom
  3174 | D:5      | Killed a phantom
  3175 | D:5      | Reached skill level 3 in Stealth
  3175 | D:5      | Reached skill level 2 in Invocations
  3175 | D:5      | Reached XP level 6. HP: 44/44 MP: 8/13
  3218 | D:5      | You add the spells Gell's Gravitas, Teleport Other and
                  | Dispersal to your library.
  3454 | D:5      | Reached skill level 5 in Throwing
  3539 | D:5      | Noticed a two-headed ogre
  3541 | D:5      | Reached skill level 2 in Fighting
  3541 | D:5      | Reached skill level 2 in Short Blades
  3541 | D:5      | Reached skill level 2 in Long Blades
  3541 | D:5      | Reached skill level 2 in Axes
  3541 | D:5      | Reached skill level 2 in Maces & Flails
  3541 | D:5      | Reached skill level 2 in Polearms
  3541 | D:5      | Reached skill level 2 in Staves
  3541 | D:5      | Reached skill level 2 in Slings
  3541 | D:5      | Reached skill level 2 in Crossbows
  3541 | D:5      | Reached skill level 2 in Dodging
  3541 | D:5      | Reached skill level 2 in Shields
  3541 | D:5      | Reached skill level 2 in Unarmed Combat
  3541 | D:5      | Reached skill level 2 in Evocations
  3542 | D:5      | HP: 6/44 [centaur/arrow (7)]
  3546 | D:5      | Slain by a two-headed ogre

Vanquished Creatures
  A phantom (D:5)
  A hound (D:5)
  An orc priest (D:3)
  2 iguanas
  A gnoll (D:5)
  4 adders
  2 worms
  2 dart slugs (D:2)
  An orc (D:2)
  6 ball pythons
  5 bats
  5 endoplasms
  3 giant cockroaches (D:1)
  8 goblins
  5 hobgoblins
  3 jackals (D:2)
  5 kobolds
  3 quokkas
  7 frilled lizards
  8 rats
73 creatures vanquished.

Vanquished Creatures (others)
  A plant (D:2)
1 creature vanquished.

Grand Total: 74 creatures vanquished

Table legend:
 A = Non-vault XP
 B = Vault XP
 C = Vault XP percentage of total XP
 D = Non-vault monster count
 E = Vault monster count
 F = Vault count percentage of total count
                 A         B        C        D         E       F
            +---------+---------+-------+---------+---------+-------
      Total |     417 |      21 |   4.8 |      68 |       5 |   6.8
            +---------+---------+-------+---------+---------+-------
        D:1 |      33 |       6 |  15.4 |      21 |       4 |  16.0
        D:2 |      61 |       0 |   0.0 |      27 |       0 |   0.0
        D:3 |      85 |       0 |   0.0 |      14 |       0 |   0.0
        D:4 |      36 |       0 |   0.0 |       1 |       0 |   0.0
        D:5 |     202 |      15 |   6.9 |       5 |       1 |  16.7
            +---------+---------+-------+---------+---------+-------

Illustrated notes

Table legend:
 A = Kills in this place as a percentage of kills in entire the game.
 B = Kills by you in this place as a percentage of kills by you in the entire game.
 C = Kills by friends in this place as a percentage of kills by friends in the entire game.
 D = Other kills in this place as a percentage of other kills in the entire game.
 E = Experience gained in this place as a percentage of experience gained in the entire game.
 F = Experience gained in this place divided by the number of levels of this place that you have seen.
                   A       B       C       D       E      F
               +-------+-------+-------+-------+-------+----------------------
         Total | 100.0 | 100.0 |   N/A |   N/A | 100.0 |  87.6
       Dungeon | 100.0 | 100.0 |   N/A |   N/A | 100.0 |  87.6
               +-------+-------+-------+-------+-------+----------------------

Table legend: (Time is in decaauts)
 A = Elapsed time spent in this place.
 B = Non-inter-level travel time spent in this place.
 C = Inter-level travel time spent in this place.
 D = Time resting spent in this place.
 E = Time spent auto-exploring this place.
 F = Levels seen in this place.
 G = Mean time per level.
                   A        B        C        D        E       F      G
               +--------+--------+--------+--------+--------+-----+--------+
         Total |   3581 |   3521 |     60 |    388 |   2733 |   5 |  716.2 |
       Dungeon |   3581 |   3521 |     60 |    388 |   2733 |   5 |  716.2 |
               +--------+--------+--------+--------+--------+-----+--------+

Top non-repeatable levels by time:
     D:1: 1296 daAuts
     D:2: 828 daAuts
     D:5: 705 daAuts
     D:3: 672 daAuts
     D:4: 77 daAuts
